 Dungeon Crawl Stone Soup version 0.31.0-32-g396128a36d (webtiles) character file.

Game seed: 5689518421979816420

67 Marvel the Sneak (level 4, 0/30 HPs)
             Began as a Vampire Enchanter on Mar 25, 2024.
             Killed by divine providence
             ... invoked by an orc priest
              (9 damage)
             ... on level 3 of the Dungeon.
             The game lasted 00:03:36 (1909 turns).

Marvel the Sneak (Vampire Enchanter)                Turns: 1909, Time: 00:03:36

Health: 0/30       AC:  5    Str:  7    XL:     4   Next: 0%
Magic:  3/7        EV: 13    Int: 17    God:
Gold:   117        SH:  0    Dex: 16    Spells: 5/7 levels left

rFire   . . .        l - +1 short sword (distort)
rCold   . . .        (no shield)
rNeg    . . .        b - +0 robe
rPois   .            (no helmet)
rElec   .            (no cloak)
rCorr   .            f - +2 pair of gloves
SInv    +            (no boots)
Will    .....        (no amulet)
Stlth   +++          (no ring)
HPRegen 0.45/turn    (no ring)
MPRegen 0.10/turn

%: no passive effects
@: healing quickly
A: alive, fangs 3, see invisible, vampiric 2
a: Exsanguinate


You were on level 3 of the Dungeon.
You visited 1 branch of the dungeon, and saw 3 of its levels.

You collected 117 gold pieces.

Inventory:

Hand Weapons
 a - a +1 dagger
 i - a +0 vampiric short sword
 l - a +1 short sword of distortion (weapon)
Missiles
 e - 7 poisoned darts (quivered)
 j - 4 boomerangs
Armour
 b - a +0 robe (worn)
 f - a +2 pair of gloves (worn)
Jewellery
 p - a ring of resist corrosion
 q - an amulet of faith
Wands
 t - a wand of iceblast (9)
Scrolls
 g - 5 scrolls of identify {unknown}
 h - a scroll of teleportation {unknown}
 o - a scroll of brand weapon {unknown}
 r - a scroll of fear
Potions
 c - a potion of invisibility
 d - 2 potions of cancellation {unknown}
 k - a potion of lignification {unknown}
 m - a potion of ambrosia {unknown}
 n - a potion of might {unknown}
 s - a potion of brilliance {unknown}


   Skills:
 + Level 1.8 Short Blades
 + Level 2.6 Dodging
 + Level 5.8 Stealth
 + Level 2.2 Spellcasting
 + Level 5.0 Hexes
 + Level 0.2 Ice Magic


You had 5 spell levels left.
You knew the following spells:

 Your Spells              Type           Power      Damage    Failure   Level
a - Ensorcelled Hibernat  Hex/Ice        20%        N/A       10%         2

Your spell library contained the following spells:

 Spells                   Type           Power      Damage    Failure   Level
 Confusing Touch          Hex            19%        N/A       7%          3
 Tukima's Dance           Hex            19%        N/A       7%          3
 Dazzling Flash           Conj/Hex       20%        N/A       21%         3
 Scorch                   Fire           2%         2d5       28%         2
 Flame Wave               Conj/Fire      1%         2d4       88%         4
 Summon Cactus Giant      Summ           0%         N/A       100%        6


Dungeon Overview and Level Annotations

Branches:
Dungeon (3/15)

Altars:


Innate Abilities, Weirdness & Mutations

Your natural rate of healing is accelerated.
You have razor-sharp teeth.
You have supernaturally acute eyesight. (SInv)
You are afflicted with vampirism and can become a bat while bloodless.


Message History

* * * LOW HITPOINT WARNING * * *
The orc priest hits you with a +0 short sword.
* * * LOW HITPOINT WARNING * * *
You are too injured to fight recklessly!
You are too injured to fight recklessly!
You are too injured to fight recklessly!
You are too injured to fight recklessly!
You are too injured to fight recklessly!
You are too injured to fight recklessly!
You are too injured to fight recklessly!
You are too injured to fight recklessly!
You are too injured to fight recklessly!
You are too injured to fight recklessly!
You are too injured to fight recklessly!
You are too injured to fight recklessly!
You fade into invisibility!
The orc misses you. The orc barely misses you. The orc priest misses you.
The orc priest closely misses you.
The orc priest invokes the aid of Beogh against something.
You flicker for a moment.
You flicker back into view.
Okay, then.
Casting: Ensorcelled Hibernation (safe; 10% risk of failure)
Confirm with . or Enter, or press ? or * to list all spells.
Aiming: Ensorcelled Hibernation (safe; 10% risk of failure)
Press: ? - help, Shift-Dir - straight line, f - orc priest
Aim: an orc priest, wielding a +0 short sword (chance to affect: 44%)
The orc priest resists with some effort.
The orc priest mumbles some strange prayers to Beogh against you.
Pain shoots through your body!
* * * LOW HITPOINT WARNING * * *
Casting: Ensorcelled Hibernation (safe; 10% risk of failure)
Confirm with . or Enter, or press ? or * to list all spells.
Aiming: Ensorcelled Hibernation (safe; 10% risk of failure)
Press: ? - help, Shift-Dir - straight line, f/p - orc priest
Aim: an orc priest, wielding a +0 short sword (chance to affect: 44%)
The orc priest looks drowsy...
The orc priest mumbles some strange prayers to Beogh against you.
Beogh smites you!
You die...

#...# #...# #.............##.#
##...###...###.............'..#
...........................#..#
..............รท............#.##
...........................+.#
##...###...###.............#># .
#...# #...# #.............#.###.
##...###...###...###########..S..
................@# #.....
...............o############.[...
...............o.....o.....:.....
##...###...###....o.o............
#...# #...# #.o.................
##...###...###..#.##########.....
................#.# #.....
................#.# #...[.
................#.# #.....


You could see 2 orc priests and an orc.

Vanquished Creatures
  An adder (D:2)
  A ribbon worm (D:3)
  2 dart slugs
  4 ball pythons
  6 endoplasms
  2 giant cockroaches
  5 goblins
  4 hobgoblins
  3 quokkas
  4 bats
  3 frilled lizards
  7 kobolds
  7 rats
49 creatures vanquished.

Notes
Turn   | Place    | Note
-------+----------+-------------------------------------------
     0 | D:1      | Marvel the Vampire Enchanter began the quest for the Orb.
     0 | D:1      | Reached XP level 1. HP: 13/13 MP: 3/3
   165 | D:1      | Reached XP level 2. HP: 19/19 MP: 5/5
   171 | D:1      | Learned a level 2 spell: Ensorcelled Hibernation
   232 | D:1      | Reached skill level 5 in Hexes
   462 | D:1      | Reached skill level 5 in Stealth
   601 | D:1      | Gained mutation: You are afflicted with vampirism and can
                  | become a bat while bloodless. [Vampire growth]
   601 | D:1      | Reached XP level 3. HP: 24/24 MP: 6/6
  1148 | D:2      | Found a faded altar of an unknown god.
  1763 | D:3      | Reached XP level 4. HP: 30/30 MP: 7/7
  1909 | D:3      | Killed from afar by an orc priest

Illustrated notes

Levels and vault maps discovered:
D:1:      dpeg_arrival_boxes_within_box, layout_basic
D:2:      layout_rooms, ebering_ecumenical_altar_hall
D:3:      layout_basic, grunt_decor_arrowhead, kennysheep_boxes

Skill      XL: |  1  2 |
---------------+-------+-----
Hexes          | 5 |  5.0
Stealth        | 5 |  5.8
Short Blades   | |  1.8
Dodging        | |  2.6
Spellcasting   | |  2.2
Ice Magic      | |  0.2

Action                     |  1- 3 |  4- 6 || total
---------------------------+-------+-------++-------
  Melee: Dagger            |    60 |       ||    60
         Bite              |    10 |       ||    10
         Short sword       |    59 |     2 ||    61
   Cast: Ensorcelled Hiber |     5 |     2 ||     7
    Use: Scroll            |     1 |       ||     1
         Potion            |       |     1 ||     1
   Stab: Sleeping          |    15 |       ||    15
 Armour: Robe              |    50 |     4 ||    54
  Dodge: Dodged            |    56 |     6 ||    62
